 Dungeon Crawl Stone Soup version 0.20.1-1-g8b1a95d (webtiles) character file.

42 tidbits the Skirmisher (level 3, 19/30 HPs)
             Began as a Demigod Wanderer on Aug 22, 2017.
             Quit the game on level 1 of the Dungeon.
             The game lasted 00:06:37 (621 turns).

tidbits the Skirmisher (Demigod Wanderer)            Turns: 621, Time: 00:06:37

Health: 19/30      AC:  4    Str: 14    XL:     3   Next: 19%
Magic:  9/9        EV: 11    Int: 19    God:
Gold:   49         SH:  0    Dex: 15    Spells: 4/7 levels left

rFire    . . .     SeeInvis .   j - +0 short sword (holy)
rCold    . . .     Gourm    .   (no shield)
rNeg     . . .     Faith    .   d - +0 robe
rPois    .         Spirit   .   (no helmet)
rElec    .         Reflect  .   (no cloak)
rCorr    .         Harm     .   (no gloves)
MR       .....                  F - +1 pair of boots
Stlth    +.........             (no amulet)
Regen    0.1/turn               (no ring)
MPRegen  0.2/turn               (no ring)

@: no status effects
A: high mp 1
a: no special abilities


You were on level 1 of the Dungeon.
You were not hungry.

You visited 1 branch of the dungeon, and saw 3 of its levels.

You collected 49 gold pieces.

Inventory:

Hand Weapons
 a - a +1 dagger
 g - a +0 spear
 j - a +0 short sword of holy wrath (weapon)
   (You took it off a kobold on level 3 of the Dungeon)
Missiles
 h - 22 arrows
Armour
 c - a +0 pair of gloves
 d - a +0 robe (worn)
 m - a +0 buckler
 F - a +1 pair of boots (worn)
Scrolls
 n - a scroll of teleportation {unknown}
Potions
 k - a potion of haste
 l - 2 potions of heal wounds
 o - 2 potions of berserk rage {unknown}
Books
 b - Abeosoah's Collected Works on Unholy Arts

   Spells                             Type                      Level
   a - Animate Skeleton               Necromancy                   1
   b - Vampiric Draining              Necromancy                   3
 e - a book of Minor Magic

   Spells                             Type                      Level
   a - Magic Dart                     Conjuration                  1
   b - Blink                          Translocation                2
   c - Call Imp                       Summoning                    2
   d - Slow                           Hexes                        2
   e - Conjure Flame                  Conjuration/Fire             3
   f - Mephitic Cloud                 Conjuration/Poison/Air       3
Comestibles
 f - 3 bread rations
 i - a royal jelly


   Skills:
 + Level 2.7 Fighting
 - Level 1.7 Shields
 - Level 2.6 Spellcasting
   Level 2.6 Translocations
   Level 1.0 Fire Magic
   Level 1.0 Ice Magic


You had 4 spell levels left.
You knew the following spells:

 Your Spells              Type           Power        Failure   Level  Hunger
i - Call Imp              Summ           #.......     24%         2    ##.....
n - Animate Skeleton      Necr           N/A          16%         1    None


Dungeon Overview and Level Annotations

Branches:
Dungeon (3/15)

Annotations:
D:2 Sigmund


Innate Abilities, Weirdness & Mutations

You have an increased reservoir of magic. (+10% MP)


Message History

The kobold shouts!
The kobold throws a stone.
The stone hits you but does no damage.
You see here a stone.
You hit the kobold.
You kill the kobold!
Your extra speed is starting to run out.
You see here a stone.
You feel yourself slow down.
Found 12 gold pieces and a bread ration.
You see here 12 gold pieces.
You see here a bread ration.
f - 2 bread rations (gained 1) Autopickup is now on.
You now have 49 gold pieces (gained 12).
A goblin comes into view. It is wielding an enchanted dagger.
The goblin shouts!
The goblin barely misses you.
You hit the goblin.
You kill the goblin!
You see here an enchanted dagger.
Found a buckler.
A leopard gecko and a rat come into view.
A dart slug comes into view.
The leopard gecko hisses angrily.
You see here a buckler.
m - a buckler
Casting: Call Imp
Confirm with . or Enter, or press ? or * to list all spells.
You miscast Call Imp.
You are very lightly contaminated with residual magic.
Strange energies run through your body.
Casting: Call Imp
Confirm with . or Enter, or press ? or * to list all spells.
A shadowy apparition takes form in the air.
The rat misses you.
The leopard gecko bites you but does no damage.
The leopard gecko barely misses your shadow imp.
Your shadow imp hits the leopard gecko.
What are your orders? t - Shout!
Orders for allies: a - Attack new target. r - Retreat! s - Stop attacking. g - Guard the area. f - Follow me.
Anything else - Cancel.
Gang up on whom?
Press: ? - help, Dir - move target cursor, f - leopard gecko
Aim: a leopard gecko (moderately wounded) Attack!
The leopard gecko closely misses your shadow imp.
The rat misses you.
The leopard gecko barely misses your shadow imp.
Your shadow imp closely misses the leopard gecko.
You closely miss the rat. The rat barely misses you.
The leopard gecko barely misses your shadow imp.
Your shadow imp gestures at the leopard gecko.
The leopard gecko writhes in agony!
The leopard gecko dies!
The rat bites you but does no damage.
You hit the rat.
The rat is heavily wounded.
Your shadow imp barely misses the rat.
The rat closely misses you.
You hit the rat.
You kill the rat!
The dart slug launches a dart at you. The slug dart misses you.
You hit the dart slug.
The dart slug is moderately wounded.
The dart slug misses you.
Your shadow imp hits the dart slug.
You puncture the dart slug!
You kill the dart slug!
Found a scroll labeled QYIKUQI UNAD and 2 glowing coppery potions.
You see here a dart slug corpse.
Found a bread ration.
Found a scroll of recharging.
Your shadow imp disappears in a puff of smoke!
A rat comes into view.
A bat comes into view.
You see here a scroll labeled QYIKUQI UNAD.
n - a scroll labeled QYIKUQI UNAD You see here 2 glowing coppery potions.
o - 2 glowing coppery potions The bat closely misses you.
Your magical contamination has completely faded away.
The bat hits you but does no damage.
You hit the bat.
The bat is moderately wounded.
The bat barely misses you.
You hit the bat but do no damage.
The bat is moderately wounded.
The bat hits you but does no damage.
You hit the bat.
The bat is severely wounded.
The bat barely misses you. x3
You hit the bat.
You kill the bat!
You hit the rat.
You kill the rat!
f - 3 bread rations (gained 1)
You open the door.
Are you sure you want to abandon this character and quit the game? (Confirm with "yes".)

#)# #...............
#.#####...........###.
#.....†...........#
#####.......†....####
#......##........
#......##.....###
#......##.....#
#......##.....#
#@.....##.....#
#......##.....#
#.....?####.###
#......# .# ######...
.### #


There were no monsters in sight!

Vanquished Creatures
  An adder (D:2)
  2 dart slugs
  2 hobgoblins
  A bat (D:1)
  A frilled lizard (D:1)
  4 goblins
  3 kobolds
  4 rats
18 creatures vanquished.

Vanquished Creatures (collateral kills)
  An adder (D:2)
  A dart slug (D:3)
  A leopard gecko (D:1)
  A giant cockroach (D:3)
  A hobgoblin (D:3)
  A ball python (D:1)
  2 frilled lizards (D:1)
  2 kobolds
10 creatures vanquished.

Grand Total: 28 creatures vanquished

Notes
Turn   | Place    | Note
-------+----------+-------------------------------------------
     0 | D:1      | tidbits the Demigod Wanderer began the quest for the Orb.
     0 | D:1      | tidbits set off with: a book of Minor Magic, Abeosoah's Collected Works on Unholy Arts, a potion of lignification, a +0 robe, a +0 dagger, a bread ration
     0 | D:1      | Reached XP level 1. HP: 14/14 MP: 6/6
     0 | D:1      | Identified Abeosoah's Collected Works on Unholy Arts
     2 | D:1      | Learned a level 1 spell: Animate Skeleton
    86 | D:2      | Reached skill level 1 in Fighting
   107 | D:2      | Reached XP level 2. HP: 24/24 MP: 8/8
   112 | D:2      | Learned a level 2 spell: Call Imp
   191 | D:2      | Reached skill level 2 in Fighting
   372 | D:2      | Noticed Sigmund
   464 | D:3      | Reached XP level 3. HP: 5/30 MP: 1/9
   504 | D:2      | Found a faded altar of an unknown god.
   621 | D:1      | Quit the game

Skill      XL: |  1  2 |
---------------+-------+-----
Fighting       | 1 2 |  2.7
Shields        | |  1.7
Spellcasting   | |  2.6
Translocations | |  2.6
Fire Magic     | |  1.0
Ice Magic      | |  1.0

Action                   || total
-------------------------++-------
Melee: Dagger            ||    60
       Unarmed           ||     5
       Short sword       ||    12
 Cast: Call Imp          ||    12
  Use: Potion            ||     3
       Scroll            ||     3
 Stab: Sleeping          ||     2
Armor: Skin              ||     4
       Robe              ||    24
Dodge: Dodged            ||    48

Table legend:
 A = Turns spent in this place as a percentage of turns spent in the entire game.
 B = Non-inter-level travel turns spent in this place as a percentage of non-inter-level travel turns spent in the entire game.
 C = Inter-level travel turns spent in this place as a percentage of turns spent in this place.
 D = Turns resting spent in this place as a percentage of non-inter-level travel turns spent in this place.
 E = Turns spent auto-exploring this place as a percentage of non-inter-level travel turns spent in this place.
 F = Non-inter-level travel turns spent in this place divided by the number of levels of this place that you've seen.
                   A       B       C       D       E      F
               +-------+-------+-------+-------+-------+----------------------
         Total | 100.0 | 100.0 |   0.2 |   0.0 |   0.0 | 199.7
       Dungeon | 100.0 | 100.0 |   0.2 |   0.0 |   0.0 | 199.7
               +-------+-------+-------+-------+-------+----------------------

Table legend:
 A = Kills in this place as a percentage of kills in entire the game.
 B = Kills by you in this place as a percentage of kills by you in the entire game.
 C = Kills by friends in this place as a percentage of kills by friends in the entire game.
 D = Other kills in this place as a percentage of other kills in the entire game.
 E = Experience gained in this place as a percentage of experience gained in the entire game.
 F = Experience gained in this place divided by the number of levels of this place that you have seen.
                   A       B       C       D       E      F
               +-------+-------+-------+-------+-------+----------------------
         Total | 100.0 | 100.0 | 100.0 |  -nan | 100.0 |  20.3
       Dungeon | 100.0 | 100.0 | 100.0 |  -nan | 100.0 |  20.3
               +-------+-------+-------+-------+-------+----------------------

Vault maps used:
D:1:      erik_arrival_blinker_ship
D:2:      chequers_ecumenical_altar_lobes, uniq_sigmund
D:3:      minmay_wonky_spiral, lemuel_statue_altar, uniq_terence
